 Dungeon Crawl Stone Soup version 0.28-a0-1485-g077359a4bf (webtiles) character file.

Game seed: 6686033576416041182

1265 funkygono the Slasher (level 8, -4/61 HPs)
             Began as a Human Cinder Acolyte on Jan 11, 2022.
             Was an Initiate of Ignis.
             Slain by a troll (7 damage)
             ... on level 7 of the Dungeon.
             The game lasted 00:11:18 (7427 turns).

funkygono the Slasher (Human Cinder Acolyte)        Turns: 7427, Time: 00:11:19

Health: -4/61      AC: 11    Str: 17    XL:     8   Next: 82%
Magic:  19/23      EV: 11    Int: 15    God:    Ignis [......]
Gold:   243        SH:  0    Dex:  8    Spells: 11/15 levels left

rFire   + . .      SeeInvis .   a - +1 falchion (flame)
rCold   . . .      Faith    .   (no shield)
rNeg    . . .      Spirit   .   g - +1 ring mail
rPois   +          Reflect  .   j - +0 helmet
rElec   .          Harm     .   f - +2 cloak of Absence {rPois MP+9}
rCorr   .          Rampage  .   (no gloves)
Will    .....                   (no boots)
Stlth   ..........              (no amulet)
HPRegen 0.20/turn               (no ring)
MPRegen 0.18/turn               (no ring)

@: no status effects
A: no striking features
a: Renounce Religion, Rising Flame


You were on level 7 of the Dungeon.
You worshipped Ignis.
Ignis was noncommittal.
You visited 1 branch of the dungeon, and saw 7 of its levels.
You also visited: Ossuary.

You collected 293 gold pieces.
You spent 50 gold pieces at shops.

Inventory:

Hand Weapons
 a - a +1 falchion of flaming (weapon)
Armour
 b - a +0 robe
 d - a +0 leather armour
 f - the +2 cloak of Absence (worn) {rPois MP+9}
   (You acquired it on level 1 of the Dungeon)

   rPois:     It protects you from poison.
   MP:        It affects your magic capacity (+9).
 g - a +1 ring mail (worn)
 j - a +0 helmet (worn)
 l - a +0 scale mail
Jewellery
 p - a +4 ring of protection
 q - a ring of resist corrosion
Wands
 n - a wand of acid (11)
 x - a wand of charming (10)
Scrolls
 s - a scroll of amnesia
 t - a scroll of blinking
 w - a scroll of teleportation
Potions
 c - 2 potions of resistance
 e - 5 potions of heal wounds
 h - 5 potions of curing
 i - 2 potions of attraction
 k - 2 potions of lignification
 m - a potion of haste {unknown}
 o - a potion of degeneration {unknown}
 r - 2 potions of might {unknown}
 u - 2 potions of cancellation {unknown}
 v - a potion of magic {unknown}


   Skills:
 + Level 4.4 Fighting
 + Level 5.8 Long Blades
 + Level 4.0 Armour
 + Level 2.1 Dodging
 + Level 4.0 Spellcasting
 + Level 5.4 Fire Magic


You had 11 spell levels left.
You knew the following spells:

 Your Spells              Type           Power      Damage    Failure   Level
a - Scorch                Fire           38%        2d6       5%          2
b - Blink                 Tloc           6%         N/A       43%         2

Your spell library contained the following spells:

 Spells                   Type           Power      Damage    Failure   Level
 Portal Projectile        Hex/Tloc       6%         N/A       67%         3
 Blade Hands              Tmut           1%         N/A       100%        5
 Excruciating Wounds      Necr           1%         N/A       100%        5
 Manifold Assault         Tloc           3%         N/A       100%        5
 Storm Form               Tmut/Air       1%         N/A       100%        7


Dungeon Overview and Level Annotations

Branches:
Dungeon (7/15)             Temple (0/1) D:6         Ossuary (visited)

Altars:
Ashenzari
Dithmenos
Hepliaklqana
Makhleb
Trog
Wu Jian
Zin

Shops:
D:1 ?   D:2 [   D:3 !

Annotations:
D:3 1 runed translucent door, benappo's ghost, amateur MiFi
D:7 Joseph


Message History

Okay, then.
You hit the gnoll. You burn the gnoll.
The gnoll is severely wounded.
A gnoll comes into view. It is wielding a +0 dire flail.
The gnoll hits you but does no damage.
You hit the gnoll. You burn the gnoll.
You kill the gnoll!
A gnoll shaman comes into view. It is wielding a +0 club.
Your Armour skill increases to level 4!
The troll bites you. The troll closely misses you.
The troll claws you but does no damage.
Things that are here:
a +0 club; a gnoll corpse You hit the troll.
You burn the troll.
The troll is moderately wounded.
The troll barely misses you. The troll claws you!
The troll claws you but does no damage.
You hit the troll. You burn the troll.
The troll is moderately wounded.
The troll bites you. The troll closely misses you. The troll claws you!
You hit the troll. You burn the troll.
The troll is heavily wounded.
The troll bites you! The troll misses you. The troll claws you!
* * * LOW HITPOINT WARNING * * *
You hit the troll. You burn the troll.
The troll is severely wounded.
The troll misses you. The troll claws you.
* * * LOW HITPOINT WARNING * * *
The troll claws you!
* * * LOW HITPOINT WARNING * * *
You barely miss the troll.
The troll is heavily wounded.
The troll closely misses you. The troll barely misses you.
The troll closely misses you.
You hit the troll. You burn the troll.
The troll is severely wounded.
The troll closely misses you. The troll claws you.
* * * LOW HITPOINT WARNING * * *
The troll claws you!
You die...

#...# . #...# #.###
#####.#########...# .
.........'.......# ..
.........#.......# ...
.....<...#.......# ..(.
....(....#.......# .....
.........#.......#gg...#
...##...###.###.@T#
###########.###.###
#....#...# #....#...#
#....'...# ##..##..##
##+##..# ..... .......


You could see a troll and 2 gnolls.

Vanquished Creatures
  A black bear (D:6)
  2 ogres
  A necrophage (D:6)
  2 elf zombies (Ossuary)
  2 scorpions (D:4)
  A hound (D:4)
  2 bullfrog zombies
  A jelly (D:5)
  A centaur skeleton (D:6)
  4 iguanas
  An orc wizard (D:7)
  A hound zombie (Ossuary)
  5 mummies
  A howler monkey zombie (D:5)
  16 gnolls
  3 adders
  2 ufetubi
  An adder zombie (Ossuary)
  An adder skeleton (D:4)
  2 worms
  8 orcs
  6 bats
  10 endoplasms
  A giant cockroach (D:3)
  A gnoll zombie (Ossuary)
  14 goblins
  9 hobgoblins
  2 jackals (D:1)
  8 kobolds
  4 quokkas
  7 ball pythons
  3 frilled lizards
  A goblin zombie (Ossuary)
  A hobgoblin zombie (Ossuary)
  A jackal zombie (Ossuary)
  A kobold zombie (Ossuary)
  An orc zombie (Ossuary)
  7 rats
  2 rat zombies (Ossuary)
137 creatures vanquished.

Vanquished Creatures (others)
  4 plants (D:2)
4 creatures vanquished.

Grand Total: 141 creatures vanquished

Notes
Turn   | Place    | Note
-------+----------+-------------------------------------------
     0 | D:1      | funkygono the Human Cinder Acolyte began the quest for the
                  | Orb.
     0 | D:1      | Reached XP level 1. HP: 18/18 MP: 2/2
   243 | D:1      | Reached XP level 2. HP: 24/24 MP: 3/3
   246 | D:1      | Learned a level 2 spell: Scorch
   546 | D:1      | Reached XP level 3. HP: 27/29 MP: 1/4
   583 | D:1      | Found Kepasikh's Magic Scroll Boutique.
   747 | D:1      | You fall into a shaft and drop 1 floor!
  1137 | D:1      | Identified a scroll of acquirement
  1137 | D:1      | Acquired the +2 cloak of Absence {rPois MP+9}
  1160 | D:2      | Reached XP level 4. HP: 35/35 MP: 2/5
  1345 | D:2      | Found a faded altar of an unknown god.
  1553 | D:2      | Found Ovool's Antique Armour Shop.
  1560 | D:2      | Reached skill level 1 in Armour
  1652 | D:2      | Reached XP level 5. HP: 34/41 MP: 6/6
  2035 | D:3      | Found a bloodstained altar of Trog.
  2132 | D:3      | Found a runed translucent door.
  2135 | D:3      | Noticed benappo's ghost (amateur MiFi)
  2187 | D:3      | Found a burning altar of Makhleb.
  2187 | D:3      | Noticed a green death
  2190 | D:3      | Noticed a ynoxinul
  2190 | D:3      | Noticed a hellwing
  2289 | D:3      | Found a glowing silver altar of Zin.
  2289 | D:3      | Found a broken altar of Ashenzari.
  2290 | D:3      | Found an ornate altar of the Wu Jian Council.
  2406 | D:3      | Found Gyenle Irue's Distillery.
  2547 | D:3      | Bought a potion of heal wounds for 50 gold pieces
  2637 | D:3      | HP: 2/41 [frozen (5)]
  2641 | D:3      | Reached XP level 6. HP: 2/47 MP: 8/8
  3050 | D:4      | Reached skill level 1 in Dodging
  3584 | D:4      | Reached XP level 7. HP: 49/53 MP: 10/10
  4162 | D:5      | Entered Level 5 of the Dungeon
  4249 | D:5      | Found a sand-covered staircase.
  4260 | Ossuary  | Entered an ossuary
  4281 | Ossuary  | Reached skill level 5 in Long Blades
  4441 | Ossuary  | Reached XP level 8. HP: 49/60 MP: 12/12
  4650 | Ossuary  | Learned a level 2 spell: Blink
  6162 | D:6      | Reached skill level 5 in Fire Magic
  6203 | D:6      | Found a shadowy altar of Dithmenos.
  6292 | D:6      | Found a hazy altar of Hepliaklqana.
  6741 | D:6      | Found a staircase to the Ecumenical Temple.
  6891 | D:7      | Noticed Joseph
  7414 | D:7      | Noticed a troll
  7427 | D:7      | HP: 3/61 [troll (3)]
  7427 | D:7      | Slain by a troll

Illustrated notes

Levels and vault maps discovered:
D:1:      onia_arrival_mini_spirals, layout_loops_ring, serial_shops, shop,
          moated_statue, amcnicky_mini_rare_corridor_liquid
D:2:      layout_loops_ring, serial_shops, nicolae_diamond_shop,
          chequers_ecumenical_altar_simple_redux, nicolae_grassy_gnolls
D:3:      layout_rooms, lightli_temple_of_fire,
          gammafunk_temple_overflow_forgotten, makhleb_altar_promises_db,
          hellmonk_ghost_happy_afterlife, serial_shops, nicolae_diamond_shop,
          dk_noncrumbling_4
D:4:      layout_basic, grunt_ministairs_1, minmay_ogre_servants
D:5:      layout_layer_cave, gup_ossuary_entry_pyramid, minmay_misc_feat_tower
D:6:      layout_basic, nicolae_dithmenos_the_darkroom, kennysheep_mini,
          minmay_temple_entry_butterflies
D:7:      layout_gridville, tgw_sif, uniq_joseph

Skill      XL: |  1  2  3  4  5  6  7  8 |
---------------+-------------------------+-----
Long Blades    | 4 5 |  5.8
Armour         | 1 2 3 4 |  4.0
Fire Magic     | 4 5 |  5.4
Spellcasting   | 2 3 4 |  4.0
Dodging        | 1 2 |  2.1
Fighting       | 4 |  4.4

Action                   |  1- 3 |  4- 6 |  7- 9 || total
-------------------------+-------+-------+-------++-------
Melee: Falchion          |    53 |    92 |   143 ||   288
       Punch             |       |     3 |     1 ||     4
 Cast: Scorch            |     3 |    34 |    36 ||    73
Invok: Fiery Armour      |     3 |     7 |     3 ||    13
  Use: Scroll            |     3 |     3 |     8 ||    14
Armor: Leather armour    |     7 |       |       ||     7
       Robe              |     1 |       |       ||     1
       Ring mail         |     9 |    58 |    83 ||   150
Dodge: Dodged            |    23 |    75 |   108 ||   206

Table legend: (Time is in decaauts)
 A = Elapsed time spent in this place.
 B = Non-inter-level travel time spent in this place.
 C = Inter-level travel time spent in this place.
 D = Time resting spent in this place.
 E = Time spent auto-exploring this place.
 F = Levels seen in this place.
 G = Mean time per level.
                   A        B        C        D        E       F      G
               +--------+--------+--------+--------+--------+-----+--------+
         Total |   7445 |   7275 |    170 |    685 |   5514 |   8 |  930.6 |
       Dungeon |   7046 |   6876 |    170 |    685 |   5200 |   7 | 1006.6 |
       Ossuary |    399 |    399 |      0 |      0 |    314 |   1 |  399.0 |
               +--------+--------+--------+--------+--------+-----+--------+

Top non-repeatable levels by time:
     D:5: 1590 daAuts
     D:4: 1206 daAuts
     D:3: 1134 daAuts
     D:1: 944 daAuts
     D:2: 898 daAuts
     D:6: 732 daAuts
     D:7: 540 daAuts
 Ossuary: 399 daAuts
